 Dungeon Crawl Stone Soup version 0.30.0-19-g36f170ea60 (webtiles) character file.

Game seed: 9656896275218121496

156 croobank the Sneak (level 5, 0/63 HPs)
             Began as a Demonspawn Delver on May 26, 2023.
             Was an Initiate of Hepliaklqana.
             Slain by Grinder (4 damage)
             ... on level 3 of the Dungeon.
             The game lasted 00:08:08 (2850 turns).

croobank the Sneak (Demonspawn Delver)              Turns: 2850, Time: 00:08:09

Health: 0/63       AC: 22    Str:  9 (10) XL:     5   Next: 15%
Magic:  6/6        EV:  2    Int: 11 (13) God:    Hepliaklqana [......]
Gold:   180        SH:  0    Dex: 15      Spells: 4/4 levels left

rFire   . . .        a - +0 short sword
rCold   . . .        (no shield)
rNeg    . . .        b - melded +0 leather armour
rPois   +            (helmet unavailable)
rElec   .            (cloak currently unavailable)
rCorr   .            t - melded +0 pair of gloves
SInv    .            (boots currently unavailable)
Will    .....        (no amulet)
Stlth   +++          (no ring)
HPRegen 0.30/turn    (no ring)
MPRegen 0.10/turn

%: no passive effects
@: brilliant, tree-form (expiring)
A: stationary, stasis, torment immunity, boosted hp, (antennae 3), (shaggy fur
1), weak 1
a: Renounce Religion


You were on level 3 of the Dungeon.
You worshipped Hepliaklqana.
Hepliaklqana was noncommittal.
You were a tree.
You visited 1 branch of the dungeon, and saw 6 of its levels.

You collected 180 gold pieces.

Inventory:

Hand Weapons
 a - a +0 short sword (weapon)
 h - a +0 dagger
Missiles
 p - 3 throwing nets (quivered)
Armour
 b - a +0 leather armour (melded)
 t - a +0 pair of gloves (melded)
Jewellery
 n - an amulet of reflection
Wands
 g - a wand of digging (3)
Scrolls
 c - a scroll of fog
 k - a scroll of butterflies
 l - a scroll of blinking
 m - a scroll of poison
 r - a scroll of amnesia
 u - a scroll of teleportation
Potions
 o - a potion of degeneration
 s - a potion of brilliance


   Skills:
 + Level 3.8 Fighting
 + Level 2.7 Short Blades
 + Level 2.8 Dodging
 + Level 5.1 Stealth
 + Level 1.4 Invocations


You had 4 spell levels left.
You didn't know any spells.
Your spell library contained the following spells:

 Spells                   Type           Power      Damage    Failure   Level
 Vhi's Electric Charge    Tloc/Air       0%         N/A       71%         3
 Arcjolt                  Conj/Air       0%         1d10      100%        5
 Maxwell's Capacitive Co  Air            0%         ∞         100%        8


Dungeon Overview and Level Annotations

Branches:
Dungeon (6/15)
 Temple: D:4-7

Altars:
Fedhas
Hepliaklqana

Annotations:
D:3 Grinder


Innate Abilities, Weirdness & Mutations

You are a tree.
Your roots penetrate the ground, keeping you stationary.
You cannot be teleported.
You are immune to unholy pain and torment.
Your maximum health is greatly increased.
Your equipment is partially melded.
((You have a pair of large antennae on your head. (SInv)))
((You are covered in fur. (AC +1)))
You are weak. (Str -2)


Message History

You hit Grinder.
Grinder is moderately wounded.
Grinder hits you.
You hit Grinder but do no damage.
Grinder is moderately wounded.
You hit Grinder but do no damage.
Grinder is moderately wounded.
Your transformation is almost over.
Grinder hits you.
You writhe in agony.
* * * LOW HITPOINT WARNING * * *
You barely miss Grinder.
Grinder is moderately wounded.
You closely miss Grinder.
Grinder is moderately wounded.
Grinder hits you but does no damage.
As you read the scroll labelled NASIEXKOU VEIBB, it crumbles to dust.
It is a scroll of identify.
l - a scroll of blinking You feel yourself slow down.
As you read the scroll of identify, it crumbles to dust.
k - a scroll of butterflies Grinder hits you but does no damage.
As you read the scroll of identify, it crumbles to dust.
m - a scroll of poison Grinder gestures at you.
You resist with significant effort.
As you read the scroll labelled QUIG TAFUXU, it crumbles to dust.
It is a scroll of amnesia.
You feel forgetful for a moment. Grinder hits you.
* * * LOW HITPOINT WARNING * * *
You writhe in agony.
* * * LOW HITPOINT WARNING * * *
Unknown command.
Okay, then.
As you read the scroll labelled LOPTIESCH PAITE, it crumbles to dust.
You feel a strange sense of stasis.
It was a scroll of teleportation.
Grinder hits you.
* * * LOW HITPOINT WARNING * * *
You writhe in agony.
You die...

##.#* ##.....##
#.....#.# *.#.* ##...##
#.#.###.# *#,.# ##'##
#.#.**#.# **.# #.#
*,..,,..# *.# #.#
*##,**### *,*
#####.#########*,* *,*
#..............*,*
***,**#.#......#####,*,*
*,,,,,*,##..♣#.# *,*,*
*,*,*,*,*##5.#.#****,*,*
*,,,,,,,,....#.#,,,,,,,*
*******,###.....,***,***
*,**##....,,,,,*
*,,,,....##*****
*****#####


You could see Grinder.

Vanquished Creatures
  A scorpion (D:3)
  2 adders
  3 worms (D:2)
  2 dart slugs
  An orc (D:3)
  6 ball pythons
  10 bats
  4 endoplasms
  2 giant cockroaches
  6 goblins
  5 hobgoblins
  4 jackals (D:3)
  8 kobolds
  2 quokkas
  4 frilled lizards
  A rat (D:2)
61 creatures vanquished.

Notes
Turn   | Place    | Note
-------+----------+-------------------------------------------
     0 | D:5      | croobank the Demonspawn Delver began the quest for the Orb.
     0 | D:5      | Reached XP level 1. HP: 18/18 MP: 1/1
     1 | D:6      | Noticed an orc wizard
    42 | D:4      | Gained mutation: You have a pair of small antennae on your
                  | head. [demonic ancestry]
    42 | D:4      | Reached XP level 2. HP: 24/24 MP: 2/2
   114 | D:3      | Noticed Grinder
   115 | D:3      | Paralysed by Grinder for 2 turns
   696 | D:2      | Gained mutation: You have a pair of antennae on your head.
                  | [demonic ancestry]
   696 | D:2      | Reached XP level 3. HP: 29/29 MP: 3/3
  1828 | D:1      | Reached XP level 4. HP: 34/35 MP: 4/4
  1860 | D:1      | Found a faded altar of an unknown god.
  2381 | D:3      | Found a hazy altar of Hepliaklqana.
  2382 | D:3      | Found a blossoming altar of Fedhas.
  2402 | D:3      | Reached skill level 5 in Stealth
  2431 | D:3      | Became a worshipper of Hepliaklqana the Forgotten
  2478 | D:3      | Noticed a scorpion
  2492 | D:3      | Killed a scorpion
  2493 | D:3      | Reached skill level 1 in Invocations
  2493 | D:3      | Gained mutation: You have a pair of large antennae on your
                  | head. (SInv) [demonic ancestry]
  2493 | D:3      | Reached XP level 5. HP: 20/42 MP: 5/5
  2806 | D:3      | Paralysed by Grinder for 4 turns
  2814 | D:3      | Gained mutation: You are weak. (Str -2) [potion of
                  | mutation]
  2814 | D:3      | Gained mutation: You are covered in fur. (AC +1) [potion of
                  | mutation]
  2850 | D:3      | Slain by Grinder

Illustrated notes

Levels and vault maps discovered:
D:1:      dpeg_arrival_leaves_temple_mockup, layout_loops_corners,
          hellmonk_ecumenical_altar_zigzags
D:2:      layout_loops_ring
D:3:      layout_loops_corners, fedhas_altar_1, lemuel_tele_altar, uniq_grinder
D:4:      layout_loops_ring
D:5:      layout_basic, mainiacjoe_overflow_alcove_2,
          nicolae_elyvilon_temple_path, mainiacjoe_overflow_chevrons,
          serial_shops, shop_statue, serial_rivers,
          chequers_serial_rivers_micro_a, chequers_serial_rivers_room_a,
          chequers_serial_rivers_micro_d, chequers_serial_rivers_small_a,
          serial_bayou_crossing
D:6:      layout_loops_ring, nemelex_xobeh_ov_fountains_minmay, enter_ossuary_3,
          nicolae_shop_self_help

Skill      XL: |  1  2  3  4 |
---------------+-------------+-----
Short Blades   | 2 |  2.7
Dodging        | 2 |  2.8
Stealth        | 5 |  5.1
Invocations    | 1 |  1.4
Fighting       | |  3.8

Action                     |  1- 3 |  4- 6 || total
---------------------------+-------+-------++-------
  Melee: Short sword       |   196 |   106 ||   302
    Use: Scroll            |     2 |     5 ||     7
         Potion            |       |     8 ||     8
   Stab: Sleeping          |    12 |     2 ||    14
         Invisible         |       |     3 ||     3
 Armour: Leather armour    |    55 |     7 ||    62
         Skin              |       |    27 ||    27
  Dodge: Dodged            |    98 |    26 ||   124
